 Dungeon Crawl Stone Soup version 0.22-a0-443-g17c3723 (webtiles) character file.

520 emperorscorpion the Sneak (level 7, -6/32 HPs)
             Began as a Spriggan Enchanter on June 1, 2018.
             Mangled by an orc
             ... wielding a +0 trident
              (7 damage)
             ... on level 3 of the Dungeon.
             The game lasted 00:14:57 (5428 turns).

emperorscorpion the Sneak (Spriggan Enchanter)      Turns: 5428, Time: 00:14:57

Health: -6/32      AC:  3    Str:  1    XL:     7   Next: 1%
Magic:  2/15       EV: 20    Int: 23    God:
Gold:   142        SH:  0    Dex: 17    Spells: 7/16 levels left

rFire    . . .     SeeInvis +   f - -3 rapier (curse)
rCold    . . .     Gourm    .   (shield restricted)
rNeg     . . .     Faith    .   s - +1 robe
rPois    .         Spirit   .   (helmet restricted)
rElec    .         Reflect  .   (no cloak)
rCorr    .         Harm     .   (gloves unavailable)
MR       +....                  (boots unavailable)
Stlth    +++++.....             (no amulet)
HPRegen  0.10/turn              c - -3 ring of strength (curse)
MPRegen  0.14/turn              v - ring of stealth

@: brilliant, very quick
A: very small, unfitting armour, see invisible, herbivore, speed 3, slow
metabolism 2
a: no special abilities


You were on level 3 of the Dungeon.
You were near starving.

You visited 1 branch of the dungeon, and saw 4 of its levels.

You collected 142 gold pieces.

Inventory:

Hand Weapons
 a - a +0 dagger of venom
 b - a +2 short sword of protection
 f - a cursed -3 rapier (weapon)
 o - a +0 hunting sling
 t - a +1 dagger
Missiles
 i - 10 poisoned needles
 m - 22 bolts
 n - 20 arrows
 q - 56 stones (quivered)
Armour
 h - a +0 buckler
 s - a +1 robe (worn)
 x - +0 gold dragon scales
Jewellery
 c - a cursed -3 ring of strength (left hand)
 e - an uncursed ring of protection from cold
 v - a ring of stealth (right hand)
Scrolls
 g - 6 scrolls of identify
 j - a scroll of enchant weapon
 k - a scroll of blinking
 l - 2 scrolls of amnesia
Potions
 p - 3 potions of curing
Comestibles
 d - 2 rations


   Skills:
 + Level 0.8 Fighting
 + Level 2.8 Short Blades
 + Level 0.4 Slings
 + Level 4.4 Dodging
 + Level 6.9 Stealth
 + Level 5.1 Spellcasting
 + Level 5.3 Hexes
 + Level 1.3 Ice Magic


You had 7 spell levels left.
You knew the following spells:

 Your Spells              Type           Power        Failure   Level  Hunger
a - Corona                Hex            #####..      1%          1    None
b - Ensorcelled Hibernat  Hex/Ice        #####.       1%          2    None
c - Confuse               Hex            #####...     1%          3    ##.....
d - Dazzling Spray        Conj/Hex       ####..       1%          3    ##.....

Your spell library contained the following spells:

 Spells                   Type           Power        Failure   Level  Hunger
 Tukima's Dance           Hex            #####...     1%          3    ##.....


Dungeon Overview and Level Annotations

Branches:
Dungeon (4/15)
 Temple: D:4-7

Altars:
Sif Muna

Annotations:
D:3 Grinder


Innate Abilities, Weirdness & Mutations

You are very small and have problems with some larger weapons.
You are too small for most types of armour.
You have supernaturally acute eyesight. (SInv)
You are a herbivore.
You cover ground extremely quickly.
You need to consume almost no food.


Message History

The orc is lightly wounded.
The orc misses you. The orc closely misses you.
Grinder blinks!
Grinder gestures at you.
You suddenly lose the ability to move!
Grinder hits you!
* * * LOW HITPOINT WARNING * * *
You writhe in agony.
* * * LOW HITPOINT WARNING * * *
The orc hits you.
* * * LOW HITPOINT WARNING * * *
The orc hits you but does no damage.
Grinder blinks!
The orc barely misses you. x2
The orc hits you.
* * * LOW HITPOINT WARNING * * *
You can move again.
Unknown command.
There is a stone staircase leading up here.
The orc barely misses you.
Grinder blinks!
The orc hits you from afar with a trident!
You die...

#..)......#.......#
#.........#.......#
#.........####..### #####
#.........# #..# ....#
#.........# #..#######
)...######...ยง.....# #........#
...g......).....o..# #..#####.#
................o..# #..# #.#
..............).@..# #..# #.#
##........######.#.## #..# #.#
#.........# #.#..# #..# #.#
#.........# #.#..###..# #.#
#..(..##########.#...##..# #.#
......#........#.#.#.##..#####.#
......#........#.#....#........#
....###........#.####.##[#######
....# #................#.###


You could see 2 orcs.

Vanquished Creatures
  Sigmund (D:2)
  A scorpion (D:4)
  A hound (D:3)
  An orc priest (D:3)
  An orc wizard (D:4)
  Jessica (D:3)
  2 worker ants (D:4)
  5 adders
  3 gnolls (D:3)
  An ooze (D:2)
  2 worms
  2 dart slugs
  5 orcs (D:4)
  4 ball pythons
  7 giant cockroaches
  3 goblins
  7 hobgoblins
  6 jackals
  A quokka (D:2)
  5 bats
  6 frilled lizards
  9 kobolds
  5 rats
79 creatures vanquished.

Notes
Turn   | Place    | Note
-------+----------+-------------------------------------------
     0 | D:1      | emperorscorpion the Spriggan Enchanter began the quest for the Orb.
     0 | D:1      | Reached XP level 1. HP: 9/9 MP: 5/5
   360 | D:1      | Reached XP level 2. HP: 13/13 MP: 4/6
  1182 | D:1      | Learned a level 2 spell: Ensorcelled Hibernation
  1379 | D:2      | Reached skill level 5 in Stealth
  1527 | D:2      | Reached XP level 3. HP: 8/16 MP: 0/8
  1608 | D:2      | Noticed Sigmund
  2172 | D:2      | Learned a level 3 spell: Confuse
  2298 | D:2      | Reached XP level 4. HP: 21/21 MP: 9/9
  2672 | D:2      | Killed Sigmund
  2672 | D:2      | Reached skill level 6 in Stealth
  2672 | D:2      | Reached skill level 1 in Ice Magic
  2672 | D:2      | Reached XP level 5. HP: 25/25 MP: 1/11
  2968 | D:3      | Reached skill level 5 in Hexes
  2968 | D:3      | Reached XP level 6. HP: 11/29 MP: 8/13
  3165 | D:3      | Noticed Jessica
  3185 | D:3      | Noticed Grinder
  3583 | D:4      | Learned a level 3 spell: Dazzling Spray
  3823 | D:4      | Found a deep blue altar of Sif Muna.
  3962 | D:3      | Killed Jessica
  4677 | D:4      | Reached skill level 5 in Spellcasting
  4787 | D:4      | Reached XP level 7. HP: 32/32 MP: 0/15
  5389 | D:3      | Paralysed by Grinder for 2 turns
  5403 | D:3      | Paralysed by Grinder for 4 turns
  5421 | D:3      | Paralysed by Grinder for 4 turns
  5425 | D:3      | HP: 1/32 [orc (2)]
  5428 | D:3      | Mangled by an orc

Vault maps used:
D:1:      dpeg_arrival_tiny_e, nrook_mini_backslash
D:2:      first_ration, uniq_sigmund
D:3:      uniq_jessica, uniq_grinder
D:4:      lemuel_crystal_altar

Skill      XL: |  1  2  3  4  5  6 |
---------------+-------------------+-----
Hexes          | 4 5 |  5.3
Stealth        | 5 6 |  6.9
Spellcasting   | 3 4 5 |  5.1
Short Blades   | 2 |  2.8
Ice Magic      | 1 |  1.3
Dodging        | 4 |  4.4
Fighting       | |  0.8
Slings         | |  0.4

Action                   |  1- 3 |  4- 6 |  7- 9 || total
-------------------------+-------+-------+-------++-------
Melee: Dagger            |   142 |   122 |       ||   264
       Rapier            |       |    51 |    35 ||    86
 Fire: Hunting sling     |       |    12 |       ||    12
Throw: Stone             |       |     2 |       ||     2
 Cast: Corona            |    13 |       |       ||    13
       Ensorcelled Hiber |    19 |    33 |       ||    52
       Confuse           |       |    12 |     2 ||    14
       Dazzling Spray    |       |     2 |     4 ||     6
  Use: Potion            |     1 |     1 |     3 ||     5
       Scroll            |       |     8 |       ||     8
 Stab: Sleeping          |    17 |    23 |       ||    40
       Distracted        |     1 |     1 |       ||     2
       Confused          |       |     4 |       ||     4
       Invisible         |       |       |     1 ||     1
  Eat: Ration            |       |     2 |       ||     2
Armor: Robe              |    14 |    35 |     3 ||    52
Dodge: Dodged            |   104 |   188 |    39 ||   331

Table legend:
 A = Spawn XP
 B = Non-spawn XP
 C = Spawn XP percentage of total XP
 D = Spawn monster count
 E = Non-spawn monster count
 F = Spawn count percentage of total count
 G = Total turns spent on level
                    A         B        C        D         E        F      G
               +---------+---------+-------+---------+---------+-------+---------
         Total |       0 |     743 |   0.0 |       0 |      79 |   0.0 |  5428
               +---------+---------+-------+---------+---------+-------+---------
           D:1 |       0 |      29 |   0.0 |       0 |      18 |   0.0 |  1338
           D:2 |       0 |     280 |   0.0 |       0 |      24 |   0.0 |  1723
           D:3 |       0 |     208 |   0.0 |       0 |      17 |   0.0 |   741
           D:4 |       0 |     226 |   0.0 |       0 |      20 |   0.0 |  1626
               +---------+---------+-------+---------+---------+-------+---------
